 Dungeon Crawl Stone Soup version 0.31-a0-640-g39d97e502b (webtiles) character file.

Game seed: 2498521015446063295

148 thirtiethelement the Grave Robber (level 5, -3/35 HPs)
             Began as a Demonspawn Necromancer on Aug 28, 2023.
             Was an Initiate of Sif Muna.
             Slain by Edmund
             ... wielding a +4 heavy dire flail
              (23 damage)
             ... on level 4 of the Dungeon.
             The game lasted 00:10:17 (3489 turns).

thirtiethelement the Grave Robber (DsNe)            Turns: 3489, Time: 00:10:17

Health: -3/35      AC:  4    Str:  8    XL:     5   Next: 8%
Magic:  9/9        EV: 11    Int: 18    God:    Sif Muna [......]
Gold:   155        SH:  4    Dex: 14    Spells: 5/10 levels left

rFire   + . .        c - +0 short sword
rCold   + . .        f - +0 buckler
rNeg    . . .        i - +0 leather armour
rPois   .            x - +1 hat
rElec   .            u - scarf {rC+ rF+}
rCorr   .            (no gloves)
SInv    .            (no boots)
Will    .....        (no amulet)
Stlth   ++           n - ring of wizardry
HPRegen 0.25/turn    (no ring)
MPRegen 0.11/turn

%: wizardry (x1)
@: no status effects
A: powered by pain 1, demonic touch 1
a: Renounce Religion


You were on level 4 of the Dungeon.
You worshipped Sif Muna.
Sif Muna was noncommittal.
You visited 1 branch of the dungeon, and saw 4 of its levels.

You collected 193 gold pieces.
You spent 38 gold pieces at shops.

Inventory:

Hand Weapons
 c - a +0 short sword (weapon)
Armour
 f - a +0 buckler (worn)
 i - a +0 leather armour (worn)
 u - a scarf of resistance (worn)
 x - a +1 hat (worn)
 A - a +0 helmet
Jewellery
 d - a ring of ice
 n - a ring of wizardry (left hand)
Wands
 y - a wand of light (2)
Scrolls
 g - a scroll of immolation {unknown}
 h - 2 scrolls of enchant armour {unknown}
 j - a scroll of torment {unknown}
 k - 5 scrolls of identify {unknown}
 o - a scroll of fear {unknown}
 w - a scroll of summoning {unknown}
Potions
 a - 2 potions of mutation {unknown}
 b - a potion of magic
 e - 2 potions of heal wounds {unknown}
 l - 3 potions of enlightenment {unknown}
 m - 2 potions of might {unknown}
 p - a potion of lignification {unknown}
 q - a potion of curing {unknown}
 s - a potion of ambrosia {unknown}
 t - a potion of degeneration {unknown}
 v - 2 potions of attraction {unknown}
 z - a potion of resistance {unknown}


   Skills:
 + Level 0.1 Fighting
 + Level 0.6 Short Blades
 + Level 0.7 Armour
 + Level 2.1 Dodging
 + Level 2.5 Stealth
 + Level 0.1 Shields
 + Level 3.0 Spellcasting
 + Level 5.4 Necromancy


You had 5 spell levels left.
You knew the following spells:

 Your Spells              Type           Power      Damage    Failure   Level
a - Necrotise             Necr           88%        1d8       1%          1
b - Shock                 Conj/Air       8%         1d3       16%         1
c - Vampiric Draining     Necr           22%        2d7       4%          3

Your spell library contained the following spells:

 Spells                   Type           Power      Damage    Failure   Level
 Animate Dead             Necr           22%        N/A       16%         4
 Lesser Beckoning         Tloc           4%         N/A       22%         2
 Swiftness                Air            3%         N/A       38%         3
 Gell's Gravitas          Tloc           2%         N/A       41%         3
 Teleport Other           Tloc           2%         N/A       41%         3
 Agony                    Necr           22%        N/A       41%         5
 Airstrike                Air            1%         2d(1-17)  78%         4


Dungeon Overview and Level Annotations

Branches:
Dungeon (4/15)
 Temple: D:4-7

Altars:
Ashenzari
Kikubaaqudgha
Makhleb
Okawaru
Sif Muna
Yredelemnul

Shops:
D:1 (=   D:2 *

Annotations:
D:4 Edmund


Innate Abilities, Weirdness & Mutations

You sometimes gain a little power by taking damage.
Your touch may inflict minor irresistible damage on your foes.


Message History

Aim: Edmund, wielding a +4 heavy dire flail and wearing a +0 ring mail (75% to hit)
The bolt of light misses Edmund.
You hear a shout!
Aiming: Bolt of Light
Press: ? - help, Shift-Dir - straight line, f/p - Edmund
Aim: Edmund, wielding a +4 heavy dire flail and wearing a +0 ring mail (75% to hit)
The bolt of light misses Edmund.
Aiming: Bolt of Light
Press: ? - help, Shift-Dir - straight line, f/p - Edmund
Aim: Edmund, wielding a +4 heavy dire flail and wearing a +0 ring mail (75% to hit)
The bolt of light hits Edmund!
Edmund is moderately wounded.
Edmund is blinded.
A hobgoblin comes into view.
Edmund closely misses you.
You barely miss Edmund.
Edmund is moderately wounded.
Edmund barely misses you.
You catch the helpless Edmund completely off-guard!
You hit Edmund.
Edmund is moderately wounded.
You block Edmund's attack.
You closely miss Edmund.
Edmund is moderately wounded.
You hit Edmund but do no damage.
Edmund is moderately wounded.
Edmund hits you with a +4 heavy dire flail!
The hobgoblin completely misses you.
You barely miss Edmund.
Edmund is moderately wounded.
The hobgoblin hits you. Edmund closely misses you.
You hit Edmund.
Edmund is heavily wounded.
The hobgoblin hits you but does no damage.
You barely miss Edmund.
Edmund is heavily wounded.
Edmund hits you with a +4 heavy dire flail!!
Ouch! That really hurt!
You die...
Edmund says, "I'd like to see a scythe do that!"

.....).# #.# ##.# ###@#
.####### ..## #.## #.# ..#
#...# #..# #{##### ..######
.##..# ##.# #.....##
#......#####.##..## #.#
#####.o# ######..##...# ...#
#.# ##.# # #####...?### #..#
#.# #.# .............###..#
#.### #@#
#######.##.#)..#@.###...#
#.# #
#..##.###..@g..###.#######.#
#
#.###....##..#.....o.>.....#
#. ####. #...<..#.#########
.. ##...####...# ### ##..(
##..# .... #### ......
......


You could see Edmund (blind) and a hobgoblin.

Vanquished Creatures
  A jelly (D:4)
  An orc wizard (D:4)
  2 gnolls (D:1)
  An adder (D:2)
  A worm (D:2)
  3 orcs (D:4)
  4 ball pythons
  6 endoplasms
  3 goblins
  7 hobgoblins
  4 quokkas
  7 bats
  3 frilled lizards
  9 kobolds
  4 rats
56 creatures vanquished.

Notes
Turn   | Place    | Note
-------+----------+-------------------------------------------
     0 | D:1      | thirtiethelement the Demonspawn Necromancer began the quest
                  | for the Orb.
     0 | D:1      | Reached XP level 1. HP: 13/13 MP: 3/3
   335 | D:1      | Gained mutation: Your touch may inflict minor irresistible
                  | damage on your foes. [demonic ancestry]
   335 | D:1      | Reached XP level 2. HP: 15/19 MP: 5/5
   522 | D:1      | Gained mutation: You sometimes gain a little power by
                  | taking damage. [demonic ancestry]
   522 | D:1      | Reached XP level 3. HP: 15/24 MP: 0/6
   855 | D:1      | Found Teq Kimo's Antique Weapon Boutique.
  1101 | D:1      | Found Juraiggu's Jewellery Boutique.
  1417 | D:2      | Learned a level 1 spell: Shock
  1421 | D:2      | Learned a level 3 spell: Vampiric Draining
  1509 | D:2      | Reached skill level 5 in Necromancy
  1591 | D:2      | Found Fymag's Assorted Antiques.
  2101 | D:2      | Reached XP level 4. HP: 30/30 MP: 2/7
  2240 | D:2      | Bought a murky black potion for 19 gold pieces
  2240 | D:2      | Bought a murky green potion for 19 gold pieces
  2486 | D:3      | Found an ancient bone altar of Kikubaaqudgha.
  2829 | D:3      | Found a shimmering blue altar of Sif Muna.
  2839 | D:3      | Found a broken altar of Ashenzari.
  2842 | D:3      | Found a basalt altar of Yredelemnul.
  2861 | D:3      | Found a burning altar of Makhleb.
  2865 | D:3      | Found an iron altar of Okawaru.
  2896 | D:3      | Became a worshipper of Sif Muna the Loreminder
  3289 | D:4      | Noticed Edmund
  3465 | D:4      | Reached XP level 5. HP: 35/35 MP: 6/9
  3489 | D:4      | Slain by Edmund

Illustrated notes

Levels and vault maps discovered:
D:1:      erik_arrival_cave_to_civilisation [erik_arrival_cave_to_hall],
          layout_basic, serial_shops, shop, shop, serial_curves, eino_curves_04,
          eino_curves_04, eino_curves_04, minmay_misc_feat_alley
D:2:      layout_loops_corners, serial_shops, shop
D:3:      layout_basic, kiku_gazebo_garden_becter,
          minmay_overflow_temple_star_hex
D:4:      layout_rooms, old_standard_altar, bh_walls_and_bars, uniq_edmund

Skill      XL: |  1  2  3  4 |
---------------+-------------+-----
Dodging        | 2 |  2.1
Stealth        | 2 |  2.5
Necromancy     | 5 |  5.4
Spellcasting   | 3 |  3.0
Fighting       | |  0.1
Short Blades   | |  0.6
Armour         | |  0.7
Shields        | |  0.1

Action                     |  1- 3 |  4- 6 || total
---------------------------+-------+-------++-------
  Melee: Unarmed           |     7 |       ||     7
         Short sword       |    29 |    22 ||    51
         Touch             |     1 |       ||     1
  Throw: Dart              |       |     4 ||     4
   Cast: Necrotise         |    58 |    29 ||    87
         Shock             |     3 |       ||     3
         Vampiric Draining |       |     2 ||     2
  Evoke: Wand              |       |     3 ||     3
   Stab: Sleeping          |     8 |     1 ||     9
         Invisible         |       |     1 ||     1
 Armour: Robe              |     5 |       ||     5
         Leather armour    |     3 |     8 ||    11
  Dodge: Dodged            |    19 |    19 ||    38
  Block: Buckler           |     3 |     6 ||     9

Table legend: (Time is in decaauts)
 A = Elapsed time spent in this place.
 B = Non-inter-level travel time spent in this place.
 C = Inter-level travel time spent in this place.
 D = Time resting spent in this place.
 E = Time spent auto-exploring this place.
 F = Levels seen in this place.
 G = Mean time per level.
                   A        B        C        D        E       F      G
               +--------+--------+--------+--------+--------+-----+--------+
         Total |   3489 |   3384 |    105 |      0 |   2738 |   4 |  872.2 |
       Dungeon |   3489 |   3384 |    105 |      0 |   2738 |   4 |  872.2 |
               +--------+--------+--------+--------+--------+-----+--------+

Top non-repeatable levels by time:
     D:1: 1366 daAuts
     D:2: 1085 daAuts
     D:3: 734 daAuts
     D:4: 303 daAuts
